 Dungeon Crawl Stone Soup version 0.22.0-40-g68aacdc (webtiles) character file.

905 poirepourri the Cleaver (level 7, -4/61 HPs)
             Began as a Deep Dwarf Fighter on Sept 2, 2018.
             Slain by a yak (7 damage)
             ... on level 5 of the Dungeon.
             The game lasted 00:02:52 (2615 turns).

poirepourri the Cleaver (Deep Dwarf Fighter)        Turns: 2615, Time: 00:02:53

Health: -4/61      AC:  6    Str: 24    XL:     7   Next: 80%
Magic:  5/5        EV:  7    Int:  9    God:
Gold:   209        SH: 12    Dex: 14    Spells: 6/6 levels left

rFire    . . .     SeeInvis .   a - +1 war axe
rCold    . . .     Gourm    .   c - +2 shield
rNeg     . . .     Faith    .   b - +0 scale mail
rPois    .         Spirit   .   (no helmet)
rElec    .         Reflect  .   (no cloak)
rCorr    .         Harm     .   (no gloves)
MR       +....                  (no boots)
Stlth    +.........             (no amulet)
HPRegen  0.00/turn              i - ring of stealth
MPRegen  0.09/turn              (no ring)

@: mighty, berserk cooldown, non-regenerating, slowed, very slow
A: damage resistance, heal wounds, sense surroundings 1, no regeneration
a: Heal Wounds


You were on level 5 of the Dungeon.
You were not hungry.

You visited 1 branch of the dungeon, and saw 5 of its levels.

You collected 209 gold pieces.

Inventory:

Hand Weapons
 a - a +1 war axe (weapon)
Missiles
 e - 3 tomahawks of dispersal (quivered)
Armour
 b - a +0 scale mail (worn)
 c - a +2 shield (worn)
Jewellery
 i - a ring of stealth (left hand)
 r - an uncursed amulet of the gourmand {unknown}
Scrolls
 j - 3 scrolls of remove curse
 k - a scroll of blinking
 p - 2 scrolls of teleportation
 u - a scroll of fear {unknown}
Potions
 g - a potion of brilliance {unknown}
 h - a potion of haste
 l - a potion of curing
 m - a potion of ambrosia {unknown}
 n - 2 potions of agility {unknown}
 o - 2 potions of lignification {unknown}
 q - a potion of berserk rage
 s - a potion of degeneration {unknown}
 t - a potion of heal wounds {unknown}
Comestibles
 f - 9 rations


   Skills:
 - Level 2.6 Fighting
 + Level 10.0 Axes
 - Level 3.2 Armour
 - Level 3.2 Shields


You had 6 spell levels left.
You didn't know any spells.
Your spell library contained the following spells:

 Spells                   Type           Power        Failure   Level  Hunger
 Animate Skeleton         Necr           N/A          99%         1    ##.....
 Pain                     Necr           #...         99%         1    ##.....
 Vampiric Draining        Necr           #.........   100%        3    ####...
 Animate Dead             Necr           N/A          100%        4    #####..
 Regeneration             Chrm/Necr      Unusable     N/A         3    N/A

Dungeon Overview and Level Annotations

Branches:
Dungeon (5/15)
 Temple: D:4-7

Altars:
Ashenzari
Cheibriados
Dithmenos
Fedhas
Gozag
Hepliaklqana
Qazlal
Yredelemnul

Shops:
D:4 [

Annotations:
D:3 3 runed doors, bmj180's ghost, amateur DEFE


Innate Abilities, Weirdness & Mutations

You are resistant to damage.
You can heal yourself by infusing magical energy.
You passively map a small area around you.
You do not regenerate.


Message History

You slash the yak!
You kill the yak!
Your Axes skill increases to level 10!
You slash the yak!
The yak is moderately wounded.
The yak gores you!
* * * LOW HITPOINT WARNING * * *
You block the yak's attack.
You barely miss the yak.
The yak is lightly wounded.
The yak gores you!
* * * LOW HITPOINT WARNING * * *
The yak gores you but does no damage.
You hit the yak.
The yak is moderately wounded.
The yak gores you.
You slash the yak!
The yak is severely wounded.
The yak gores you!
You die...

. #####....?.
.........#.. , .?.
.$.....# ....##...#.#
#....#...# , # *#...#o.#
.# *#..)><.# ..
,%....####.#######... ##
..........oY@.....# , *
...........###.#########
*
.#...[.................^
...........#####..#.....*
...........###..........
.............#..........
#..........#........####
#......_....##......#
....................#


You could see a yak and an orc.

Vanquished Creatures
  2 yaks (D:5)
  2 phantoms (D:4)
  A scorpion (D:4)
  A howler monkey (D:4)
  An orc wizard (D:5)
  A jelly (D:5)
  5 worker ants
  A killer bee zombie (D:5)
  3 adders
  3 oozes
  4 worms (D:4)
  4 dart slugs
  3 leopard geckos
  6 orcs
  5 bats
  5 giant cockroaches
  10 goblins
  9 hobgoblins
  8 jackals
  4 quokkas
  A frilled lizard (D:2)
  12 kobolds
  3 rats
94 creatures vanquished.

Vanquished Creatures (others)
  3 fungi
  2 plants (D:3)
5 creatures vanquished.

Grand Total: 99 creatures vanquished

Notes
Turn   | Place    | Note
-------+----------+-------------------------------------------
     0 | D:1      | poirepourri the Deep Dwarf Fighter began the quest for the Orb.
     0 | D:1      | Reached XP level 1. HP: 20/20 MP: 1/1
   137 | D:1      | Reached skill level 3 in Axes
   137 | D:1      | Reached XP level 2. HP: 22/27 MP: 2/2
   405 | D:1      | Reached XP level 3. HP: 24/33 MP: 3/3
   411 | D:1      | Reached skill level 4 in Axes
   760 | D:2      | Found a shattered altar of Ashenzari.
  1006 | D:2      | Reached XP level 4. HP: 40/40 MP: 3/3
  1426 | D:3      | Reached skill level 5 in Axes
  1538 | D:3      | Found a hazy altar of Hepliaklqana.
  1672 | D:3      | Found a runed gate.
  1672 | D:3      | Found a runed gate.
  1675 | D:3      | Found a runed gate.
  1676 | D:3      | Noticed a big kobold
  1677 | D:3      | Noticed bmj180's ghost (amateur DEFE)
  1683 | D:3      | Noticed a big kobold
  1908 | D:4      | Noticed a phantom
  1933 | D:4      | Killed a phantom
  1933 | D:4      | Reached skill level 6 in Axes
  1933 | D:4      | Reached XP level 5. HP: 29/46 MP: 4/4
  1995 | D:4      | Noticed a phantom
  2026 | D:4      | Killed a phantom
  2026 | D:4      | Reached skill level 7 in Axes
  2026 | D:4      | Reached XP level 6. HP: 29/55 MP: 5/5
  2034 | D:4      | Found a blossoming altar of Fedhas.
  2040 | D:4      | Found a stormy altar of Qazlal.
  2145 | D:4      | Found a snail-covered altar of Cheibriados.
  2152 | D:4      | Found an opulent altar of Gozag.
  2273 | D:4      | Found Isusolom's Antique Armour Shop.
  2284 | D:4      | Reached skill level 8 in Axes
  2477 | D:5      | Entered Level 5 of the Dungeon
  2497 | D:5      | Found a shadowy altar of Dithmenos.
  2538 | D:5      | Found a basalt altar of Yredelemnul.
  2549 | D:5      | Reached XP level 7. HP: 51/61 MP: 5/5
  2590 | D:5      | Noticed a yak
  2590 | D:5      | Noticed a yak
  2591 | D:5      | Noticed a yak
  2601 | D:5      | Killed a yak
  2601 | D:5      | Reached skill level 9 in Axes
  2611 | D:5      | Killed a yak
  2611 | D:5      | Reached skill level 10 in Axes
  2613 | D:5      | HP: 3/61 [yak (12)]
  2615 | D:5      | Slain by a yak

Skill      XL: |  1  2  3  4  5  6  7 |
---------------+----------------------+-----
Axes           | 3 4 6 7 8 10 | 10.0
Fighting       | |  2.6
Armour         | |  3.2
Shields        | |  3.2

Action                   |  1- 3 |  4- 6 |  7- 9 || total
-------------------------+-------+-------+-------++-------
Melee: War axe           |   106 |   175 |    26 ||   307
 Abil: Heal Wounds       |     1 |     2 |       ||     3
  Use: Scroll            |     5 |     7 |       ||    12
       Potion            |       |       |     3 ||     3
  Eat: Ration            |       |     2 |       ||     2
       Chunk             |       |     1 |       ||     1
Armor: Scale mail        |    41 |    40 |     9 ||    90
Dodge: Dodged            |    37 |    31 |     6 ||    74
Block: Shield            |    61 |   109 |    18 ||   188
